 Dungeon Crawl Stone Soup version 0.26.0-45-g9c1d065592 (webtiles) character file.

Game seed: 13910549439140023891

20 Gauvater the Sneak (level 2, 0/24 HPs)
             Began as a Demonspawn Delver on Jan 31, 2021.
             Slain by a kobold
             ... wielding a +0 short sword
              (1 damage)
             ... on level 1 of the Dungeon.
             The game lasted 00:05:23 (1446 turns).

Gauvater the Sneak (Demonspawn Delver)              Turns: 1446, Time: 00:05:24

Health: 0/24       AC:  3    Str: 12    XL:     2   Next: 58%
Magic:  0/2        EV:  8    Int: 11    God:
Gold:   50         SH:  0    Dex: 14    Spells: 1/1 levels left

rFire    . . .     SeeInvis .   a - +0 hand axe
rCold    . . .     Faith    .   (no shield)
rNeg     . . .     Spirit   +   b - +0 leather armour
rPois    .         Reflect  .   (no helmet)
rElec    .         Harm     .   (no cloak)
rCorr    .         Rampage  .   (no gloves)
Will     .....                  (no boots)
Stlth    +++.......             (no amulet)
HPRegen  0.08/turn              m - -4 ring of evasion (curse)
MPRegen  0.08/turn              (no ring)

@: attractive
A: magic shield
a: no special abilities


You were on level 1 of the Dungeon.
You visited 2 branches of the dungeon, and saw 6 of its levels.

You collected 50 gold pieces.

Inventory:

Hand Weapons
 a - a +0 hand axe (weapon)
Missiles
 n - 19 poisoned darts (quivered)
Armour
 b - a +0 leather armour (worn)
Jewellery
 m - a cursed -4 ring of evasion (left hand)
Wands
 g - a wand of digging (3)
 l - a wand of flame (26)
Scrolls
 c - a scroll of fog
 d - a scroll of magic mapping
 i - 2 scrolls of remove curse {unknown}
 j - a scroll of teleportation {unknown}
 k - a scroll of enchant weapon {unknown}


   Skills:
 + Level 3.1 Fighting
 + Level 1.8 Axes
 + Level 0.3 Armour
 + Level 1.8 Dodging
 + Level 5.0 Stealth


You had one spell level left.
You didn't know any spells.
Your spell library was empty.

Dungeon Overview and Level Annotations

Branches:
Dungeon (5/15)             Temple (1/1) D:4

Altars:
Ashenzari
Cheibriados
Fedhas
Gozag
Hepliaklqana
Qazlal
Ru
Sif Muna
Trog
Uskayaw
Wu Jian
Xom
Yredelemnul
The Shining One


Innate Abilities, Weirdness & Mutations

When hurt, damage is shared between your health and your magic reserves.


Message History

Found a scroll labelled LUONOO NAP KOMN.
You hit the bat.
You kill the bat!
You closely miss the jackal.
The jackal is severely wounded.
The jackal barely misses you. The jackal bites you.
* * * LOW HITPOINT WARNING * * *
The jackal barely misses you.
You hit the jackal but do no damage.
The jackal is severely wounded.
The jackal bites you but does no damage.
The jackal bites you.
* * * LOW HITPOINT WARNING * * *
You see here a scroll labelled LUONOO NAP KOMN.
You closely miss the kobold. The kobold barely misses you.
It was a potion of attraction.
You feel attractive to monsters. The kobold hits you but does no damage.
The kobold hits you with a +0 short sword.
You die...

#..#
#.##
##.#
#..#
#.##
#.#
#h#
##K#
#.@#
#.##
#. ..
...
....
.....
#.....


You could see a jackal and a kobold.

Vanquished Creatures
  A worker ant zombie (D:4)
  An adder skeleton (D:4)
  A leopard gecko (D:4)
  A goblin (D:3)
  A hobgoblin (D:3)
  A bat (D:1)
6 creatures vanquished.

Notes
Turn   | Place    | Note
-------+----------+-------------------------------------------
     0 | D:5      | Gauvater the Demonspawn Delver began the quest for the Orb.
     0 | D:5      | Reached XP level 1. HP: 18/18 MP: 1/1
    70 | D:4      | Found an opulent altar of Gozag.
    95 | D:4      | Found a staircase to the Ecumenical Temple.
   115 | Temple   | Entered the Ecumenical Temple
   685 | D:4      | Gained mutation: When hurt, damage is shared between your
                  | health and your magic reserves. [demonic ancestry]
   685 | D:4      | Reached XP level 2. HP: 1/24 MP: 2/2
   966 | D:4      | Found a sacrificial altar of Ru.
  1158 | D:4      | Found a broken altar of Ashenzari.
  1170 | D:3      | Reached skill level 5 in Stealth
  1437 | D:1      | HP: 1/24 [jackal (1)]
  1446 | D:1      | Slain by a kobold

Illustrated notes

Levels and vault maps discovered:
D:1:      arrival_zaba_pyramid, layout_rooms
D:2:      layout_loops_ring, uniq_terence
D:3:      layout_basic, vehumet_crystals, kennysheep_generic_room_9
D:4:      layout_rooms, kennysheep_mini_moat, general_overflow_altar,
          cheibrodos_ashenzari_chains, temple_pool_b, serial_undead,
          serial_undead_a, serial_undead_a, serial_undead_e, serial_undead_c,
          serial_undead_c, serial_undead_c, serial_undead_c, serial_shops, shop,
          grunt_gozag_statues
D:5:      layout_cave_pools, makhleb_blood_cavern_becter,
          guppyfry_early_lair_pool
Temple:   minmay_temple_forest_path

Skill      XL: |  1  2 |
---------------+-------+-----
Stealth        | 5 |  5.0
Fighting       | |  3.1
Axes           | |  1.8
Armour         | |  0.3
Dodging        | |  1.8

Action                   || total
-------------------------++-------
Melee: Hand axe          ||    44
  Use: Potion            ||     2
       Scroll            ||     1
Armor: Leather armour    ||    34
Dodge: Dodged            ||    23
